[Event "10th Cesme Open-B 2024"]
[Site "Cesme"]
[Date "2024.06.24"]
[Round "2"]
[White "Yelligedik, Murat"]
[Black "Karadag, Eflatun Cem"]
[Result "1/2-1/2"]
[ECO "C41"]
[WhiteElo "1984"]
[BlackElo "1838"]
[Annotator "RC"]
[PlyCount "115"]
[EventDate "2024.06.23"]
[EventType "swiss"]
[EventCountry "TUR"]
[SourceTitle "playchess.com"]
[Source "ChessBase"]
[SourceQuality "1"]
[TimeControl "5400+30"]

1. e4 e5 2. Nf3 d6 3. d4 exd4 4. Nxd4 Nf6 5. Nc3 Be7 6. Be2 O-O 7. Bf4 Re8 8. Qd3 Nbd7 9. O-O-O Nc5 10. Qe3 Bf8 11. f3 c6 12. Qf2 Qa5 13. Kb1 Bd7 14. Nb3 Nxb3 15. axb3 d5 16. Bg5 Be7 17. h4 Be6 18. e5 Nd7 19. Bxe7 Rxe7 20. f4 Qc5 21. Qf1 f5 22. exf6 Nxf6 23. f5 d4 24. Qg1 Bxf5 25. Rxd4 Rae8 26. b4 Qb6 27. Bc4+ Be6 28. Bxe6+ Rxe6 29. Qd1 h6 30. g4 Ne4 31. Rxe4 Rxe4 32. Nxe4 Rxe4 33. c3 Qf2 34. h5 Qe2 35. Qxe2 Rxe2 36. Rg1 Kf7 37. Rf1+ Ke6 38. Rf4 b5 39. Ka2 Rg2 40. c4 a6 41. c5 Ke5 42. Rf5+ Ke4 43. Rf7 Rxg4 44. Rd7 Rg5 45. Rd6 Rxh5 46. Rxc6 Kd5 47. Rxa6 Rh4 48. Rd6+ Ke5 49. Ka3 Rf4 50. Rb6 h5 51. Rxb5 h4 52. c6+ Kd6 53. Rc5 Kc7 54. b5 Rf6 55. b6+ Kc8 56. b7+ Kc7 57. Rb5 Rf8 58. Rh5 1/2-1/2

[Event "10th Cesme Open-B 2024"]
[Site "Cesme"]
[Date "2024.06.24"]
[Round "2"]
[White "Turgut, Hakan"]
[Black "Yenil, Mucahit"]
[Result "1-0"]
[ECO "A44"]
[WhiteElo "1979"]
[BlackElo "1827"]
[Annotator "NA RC"]
[PlyCount "71"]
[EventDate "2024.06.23"]
[EventType "swiss"]
[EventCountry "TUR"]
[SourceTitle "playchess.com"]
[Source "ChessBase"]
[SourceQuality "1"]
[TimeControl "5400+30"]

1. d4 c5 2. d5 e5 3. e4 d6 4. c4 Be7 5. Nf3 Bg4 6. Nbd2 Nd7 7. Be2 Ngf6 8. O-O Bxf3 9. Bxf3 O-O 10. g3 Ne8 11. Bg2 Nc7 12. a4 a6 13. a5 b5 14. axb6 Nxb6 15. Qb3 Rb8 16. Qc2 a5 17. Rxa5 Ra8 18. Nb3 Na6 19. Bd2 Qc7 20. Rb5 Nb4 21. Bxb4 cxb4 22. Rxb4 f5 23. exf5 Rfc8 24. Nd2 Qc5 25. Qb3 Rcb8 26. Ne4 Qc7 27. c5 Nc8 28. c6 Rxb4 29. Qxb4 Rb8 30. Qd2 Bd8 31. f6 gxf6 32. Bh3 Na7 33. Qh6 Qe7 34. f4 Rb4 35. Be6+ Kh8 36. fxe5 1-0

[Event "10th Cesme Open-B 2024"]
[Site "Cesme"]
[Date "2024.06.24"]
[Round "2"]
[White "Masiya, Mfundo"]
[Black "Bozdag, Armagan Emre"]
[Result "1-0"]
[ECO "B52"]
[WhiteElo "1971"]
[BlackElo "1759"]
[Annotator "NA RC"]
[PlyCount "109"]
[EventDate "2024.06.23"]
[EventType "swiss"]
[EventCountry "TUR"]
[SourceTitle "playchess.com"]
[Source "ChessBase"]
[SourceQuality "1"]
[TimeControl "5400+30"]

1. e4 c5 2. Nf3 d6 3. Bb5+ Bd7 4. Bxd7+ Qxd7 5. O-O Nf6 6. Qe2 Nc6 7. c3 g5 8. Nxg5 Rg8 9. f4 h6 10. Nf3 Qg4 11. d3 Nh5 12. g3 e5 13. fxe5 Nxe5 14. Rf2 Ng6 15. Ne1 Qh3 16. Ng2 Bg7 17. Nd2 O-O-O 18. Nf1 Be5 19. Qf3 Ne7 20. Bf4 Ng6 21. Be3 Kb8 22. Qf5 Qxf5 23. Rxf5 Ng7 24. Rxf7 Ne6 25. Rd1 h5 26. d4 cxd4 27. cxd4 Bh8 28. h3 Rc8 29. Rd7 Rgd8 30. Rxd8 Nxd8 31. Ne1 Rc4 32. b3 Rc3 33. Kf2 Nc6 34. Ke2 Nce7 35. Kd2 Rc8 36. Nd3 Rf8 37. Ke2 Re8 38. Nf4 h4 39. g4 Nxf4+ 40. Bxf4 Kc7 41. Ne3 Kd7 42. Kf3 Rc8 43. Nc4 d5 44. exd5 Nxd5 45. Ne5+ Bxe5 46. dxe5 Ke6 47. Rd2 Rf8 48. Rd4 Rc8 49. Rc4 Rxc4 50. bxc4 Nb6 51. Ke4 Nxc4 52. g5 Nb6 53. g6 Nc8 54. Bg5 b5 55. Bxh4 1-0

[Event "10th Cesme Open-B 2024"]
[Site "Cesme"]
[Date "2024.06.24"]
[Round "2"]
[White "Turan, Asim"]
[Black "Berikkyzy Alanna"]
[Result "1/2-1/2"]
[ECO "E04"]
[WhiteElo "1970"]
[BlackElo "1871"]
[Annotator "RC"]
[PlyCount "144"]
[EventDate "2024.06.23"]
[EventType "swiss"]
[EventCountry "TUR"]
[SourceTitle "playchess.com"]
[Source "ChessBase"]
[SourceQuality "1"]
[TimeControl "5400+30"]

1. d4 Nf6 2. g3 e6 3. c4 d5 4. Nf3 dxc4 5. Qc2 Nc6 6. Qxc4 Nd7 7. Bg2 Nb6 8. Qd3 e5 9. Nxe5 Nb4 10. Qd1 Qxd4 11. Qxd4 Nc2+ 12. Kf1 Nxd4 13. Nc3 c6 14. Rb1 f6 15. Nf3 Ne6 16. Bh3 Kf7 17. Kg2 h5 18. e4 g5 19. Bxe6+ Bxe6 20. h3 Rd8 21. e5 Bxh3+ 22. Rxh3 g4 23. Rh4 gxf3+ 24. Kxf3 fxe5 25. Bg5 Rd4 26. Ne4 Nd5 27. Rbh1 Kg6 28. Be3 Nxe3 29. fxe3 Rd7 30. g4 Rdh7 31. Rg1 hxg4+ 32. Rhxg4+ Kf5 33. Rg5+ Ke6 34. Rg6+ Ke7 35. Nc5 Rh3+ 36. Ke4 R8h4+ 37. R1g4 Rxg4+ 38. Rxg4 b6 39. Nd3 Bh6 40. Nxe5 Rxe3+ 41. Kf5 Re2 42. Nxc6+ Kf8 43. Rb4 Bd2 44. Rd4 Bc1 45. Rd8+ Kf7 46. Rd7+ Ke8 47. Rxa7 Bxb2 48. Rb7 Bc3 49. a4 Ra2 50. Ke6 Re2+ 51. Kd5 Ra2 52. Re7+ Kf8 53. Re4 Rb2 54. Rc4 Bd2 55. Nd4 Be3 56. Rc8+ Kf7 57. Nb5 Bc5 58. Kc6 Ke7 59. Nc7 Rc2 60. Re8+ Kf7 61. Re4 Be7+ 62. Kb7 Bc5 63. Nd5 Rb2 64. Kc6 Bg1 65. Re7+ Kf8 66. Rb7 Rc2+ 67. Kd7 Rd2 68. Kc6 Rc2+ 69. Kd6 Ra2 70. Nf6 Rd2+ 71. Ke6 Re2+ 72. Kd5 Ra2 1/2-1/2

[Event "10th Cesme Open-B 2024"]
[Site "Cesme"]
[Date "2024.06.24"]
[Round "2"]
[White "Ilgaz, Yusuf Kerem"]
[Black "Yamakoglu, Mustafa Ege"]
[Result "1-0"]
[ECO "B41"]
[WhiteElo "1966"]
[BlackElo "1818"]
[Annotator "NA RC"]
[PlyCount "93"]
[EventDate "2024.06.23"]
[EventType "swiss"]
[EventCountry "TUR"]
[SourceTitle "playchess.com"]
[Source "ChessBase"]
[SourceQuality "1"]
[TimeControl "5400+30"]

1. e4 c5 2. Nf3 a6 3. c4 e6 4. Nc3 Nc6 5. d4 cxd4 6. Nxd4 Qc7 7. Be3 Nf6 8. Be2 b6 9. O-O Bb7 10. Nb3 Be7 11. Na4 Nxe4 12. Bxb6 Qc8 13. Be3 Qc7 14. Nac5 Nxc5 15. Nxc5 Bc8 16. a3 d6 17. Na4 a5 18. Nb6 Rb8 19. Nxc8 Qxc8 20. Qa4 O-O 21. Rab1 f5 22. f4 Bf6 23. b4 axb4 24. axb4 Bd4 25. Bxd4 Nxd4 26. Qd1 e5 27. Kh1 Ra8 28. fxe5 dxe5 29. c5 Kh8 30. Bc4 f4 31. Bd5 Ra6 32. b5 Rh6 33. c6 Nf5 34. b6 Ne3 35. Qf3 Rd6 36. Be4 Nc4 37. Qh3 Qxh3 38. gxh3 Nxb6 39. Rxb6 g5 40. Rfb1 f3 41. Rb8 Rdf6 42. Rxf8+ Rxf8 43. c7 f2 44. Bf5 e4 45. c8=Q Rxc8 46. Bxc8 e3 47. Kg2 1-0

[Event "10th Cesme Open-B 2024"]
[Site "Cesme"]
[Date "2024.06.24"]
[Round "2"]
[White "Gonullu, Muhammed Sinan"]
[Black "Cakir, Mert"]
[Result "1/2-1/2"]
[ECO "E60"]
[WhiteElo "1922"]
[BlackElo "1828"]
[Annotator "NA RC"]
[PlyCount "144"]
[EventDate "2024.06.23"]
[EventType "swiss"]
[EventCountry "TUR"]
[SourceTitle "playchess.com"]
[Source "ChessBase"]
[SourceQuality "1"]
[TimeControl "5400+30"]

1. Nf3 Nf6 2. b3 g6 3. Bb2 Bg7 4. g3 O-O 5. Bg2 c5 6. O-O Nc6 7. c4 d6 8. d4 Ne4 9. Nbd2 Nxd2 10. Qxd2 cxd4 11. Nxd4 Bd7 12. Rfd1 a6 13. c5 dxc5 14. Nxc6 Bxc6 15. Bxg7 Qxd2 16. Rxd2 Kxg7 17. Bxc6 bxc6 18. Rc1 Rfd8 19. Rdc2 a5 20. Rxc5 a4 21. b4 a3 22. Ra5 Rab8 23. Rc4 Rd2 24. Rxa3 Rxe2 25. Ra7 c5 26. Kf1 Rd2 27. a3 cxb4 28. axb4 Rb2 29. Rxe7 R2xb4 30. Rcc7 Rf8 31. Kg2 Rb3 32. g4 h6 33. Ra7 Rc3 34. Red7 Rb3 35. f3 Rb4 36. Kg3 Rc4 37. h4 Rb4 38. Re7 Rc4 39. Reb7 Rd4 40. Rb5 Rfd8 41. h5 gxh5 42. Rxh5 R8d5 43. Rh3 Rd6 44. Ra3 Rd3 45. Rxd3 Rxd3 46. Kf4 Kg6 47. Ke4 Ra3 48. Rh5 Ra4+ 49. Ke3 Ra3+ 50. Kf4 Ra4+ 51. Kg3 Ra3 52. Rf5 Rb3 53. Kh4 Ra3 54. Rf4 Rb3 55. Rf5 Ra3 56. Rc5 Rxf3 57. Rc6+ f6 58. Rc5 Re3 59. Ra5 Re5 60. Ra7 Rb5 61. Rc7 h5 62. gxh5+ Rxh5+ 63. Kg4 Rg5+ 64. Kf4 Ra5 65. Rc4 Rh5 66. Kg4 f5+ 67. Kg3 Kg5 68. Rc8 f4+ 69. Kf3 Rh3+ 70. Kg2 Rg3+ 71. Kf2 Ra3 72. Rg8+ Kf5 1/2-1/2

[Event "10th Cesme Open-B 2024"]
[Site "Cesme"]
[Date "2024.06.24"]
[Round "2"]
[White "Asgharvand, Davood"]
[Black "Korkmaz, Necmettin"]
[Result "0-1"]
[ECO "C01"]
[WhiteElo "1881"]
[BlackElo "1999"]
[Annotator "NA RC"]
[PlyCount "88"]
[EventDate "2024.06.23"]
[EventType "swiss"]
[EventCountry "TUR"]
[SourceTitle "playchess.com"]
[Source "ChessBase"]
[SourceQuality "1"]
[TimeControl "5400+30"]

1. e4 e6 2. d4 d5 3. Nc3 h6 4. Nf3 Nf6 5. Bd3 Bb4 6. exd5 exd5 7. O-O O-O 8. Ne5 c5 9. dxc5 Bxc5 10. Qf3 Nc6 11. Nxc6 bxc6 12. Bf4 Bg4 13. Qg3 Qd7 14. Bxh6 gxh6 15. h3 Kg7 16. Be2 h5 17. hxg4 Nxg4 18. Rad1 Bd6 19. Qh3 f5 20. g3 Rh8 21. Bf3 h4 22. gxh4 Qd8 23. h5 Qg5 24. Bxg4 fxg4 25. Qg2 Rxh5 26. Ne4 dxe4 27. Rxd6 Rah8 28. Qxe4 Rh1+ 29. Qxh1 Rxh1+ 30. Kxh1 Qh4+ 31. Kg1 g3 32. Rd7+ Kg6 33. Rd6+ Kh5 34. Kg2 Qh2+ 35. Kf3 g2 36. Rfd1 g1=Q 37. Rxg1 Qxd6 38. b3 Qd2 39. Rg3 Qxc2 40. Kg2 Qxa2 41. Kg1 a5 42. Kg2 Qc2 43. Kg1 c5 44. Kg2 c4 0-1

[Event "10th Cesme Open-B 2024"]
[Site "Cesme"]
[Date "2024.06.24"]
[Round "2"]
[White "Colak, Tugay"]
[Black "Atis, Hasan"]
[Result "1/2-1/2"]
[ECO "B48"]
[WhiteElo "1878"]
[BlackElo "1988"]
[Annotator "NA RC"]
[PlyCount "114"]
[EventDate "2024.06.23"]
[EventType "swiss"]
[EventCountry "TUR"]
[SourceTitle "playchess.com"]
[Source "ChessBase"]
[SourceQuality "1"]
[TimeControl "5400+30"]

1. e4 c5 2. Nf3 e6 3. d4 cxd4 4. Nxd4 Nc6 5. Nc3 Qc7 6. Be3 a6 7. Qf3 Ne5 8. Qg3 h5 9. Nf5 f6 10. O-O-O Kf7 11. f4 Ng6 12. Nd4 h4 13. Qf2 Bb4 14. Rd3 b5 15. a3 Bc5 16. Be2 N8e7 17. Rhd1 Rb8 18. g3 hxg3 19. hxg3 b4 20. axb4 Bxb4 21. Nb3 a5 22. Nc5 Nf8 23. N3a4 d5 24. Bf3 dxe4 25. Bxe4 Rb5 26. g4 Rh3 27. Bd4 Rxd3 28. Rxd3 Nd7 29. Nxd7 Bxd7 30. Bb6 Qc8 31. Qd4 Bc6 32. c4 Bxe4 33. Qxe4 Nd5 34. Kb1 Rxb6 35. Rxd5 exd5 36. Qxd5+ Re6 37. f5 Qc6 38. fxe6+ Qxe6 39. Kc2 Ke7 40. Qxe6+ Kxe6 41. Kd3 g6 42. Ke4 Bd6 43. b3 f5+ 44. gxf5+ gxf5+ 45. Kd4 Be5+ 46. Ke3 Kd6 47. Nb6 Bh2 48. Nd5 Be5 49. Kd3 Kc5 50. Ne7 f4 51. Ke4 Bd6 52. Nd5 Bb8 53. Ne7 Bd6 54. Nd5 Bb8 55. Ne7 Bd6 56. Nd5 Bb8 57. Ne7 Bd6 1/2-1/2

[Event "10th Cesme Open-B 2024"]
[Site "Cesme"]
[Date "2024.06.24"]
[Round "2"]
[White "Selvi, Kaan"]
[Black "Buyuk, Eymen Eren"]
[Result "1-0"]
[ECO "C14"]
[WhiteElo "1871"]
[BlackElo "1894"]
[Annotator "NA RC"]
[PlyCount "139"]
[EventDate "2024.06.23"]
[EventType "swiss"]
[EventCountry "TUR"]
[SourceTitle "playchess.com"]
[Source "ChessBase"]
[SourceQuality "1"]
[TimeControl "5400+30"]

1. e4 e6 2. d4 d5 3. Nc3 Nf6 4. Bg5 Be7 5. e5 Nfd7 6. Bxe7 Qxe7 7. f4 a6 8. Qg4 O-O 9. Nf3 c5 10. Bd3 f5 11. Qg5 Qf7 12. g4 cxd4 13. Nxd4 fxg4 14. Qxg4 Nc5 15. Nce2 Nc6 16. Nf3 Nxd3+ 17. cxd3 Nb4 18. Kd2 Bd7 19. a3 Nc6 20. Rhf1 b5 21. Nfd4 b4 22. Nxc6 Bxc6 23. Nd4 Bd7 24. Ke3 Rab8 25. Rfc1 Bc8 26. Rc2 bxa3 27. bxa3 Qa7 28. Rac1 Bd7 29. h4 Rf7 30. h5 Rbf8 31. Rc7 Qb6 32. Rxd7 Rxd7 33. Qxe6+ Qxe6 34. Nxe6 Rb8 35. Rc6 a5 36. Ra6 Kf7 37. Nd4 Rdb7 38. Rxa5 Rd8 39. Nc6 Rc8 40. Nb4 g6 41. h6 Rc1 42. Ra6 Rc8 43. Nxd5 Rd8 44. Ke4 Re8 45. Nf6 Re6 46. Rxe6 Kxe6 47. d4 Ra7 48. d5+ Ke7 49. Nxh7 Ra4+ 50. Kf3 Rxa3+ 51. Kg4 Ra1 52. Nf6 Rg1+ 53. Kf3 Rh1 54. Kg2 Rh4 55. h7 Kf7 56. d6 Ke6 57. d7 Ke7 58. e6 Rh6 59. Kg3 Rh1 60. Kg2 Rh4 61. Kg3 Rh1 62. Kg4 Rg1+ 63. Kf3 Rh1 64. Ke4 Re1+ 65. Kd5 Rd1+ 66. Ke5 Re1+ 67. Ne4 Rh1 68. Ng5 Rd1 69. Ke4 Re1+ 70. Kf3 1-0

[Event "10th Cesme Open-B 2024"]
[Site "Cesme"]
[Date "2024.06.24"]
[Round "2"]
[White "Altundal, Arda"]
[Black "Hasirci, Ozgur Deniz"]
[Result "0-1"]
[ECO "B90"]
[WhiteElo "1860"]
[BlackElo "1903"]
[Annotator "NA RC"]
[PlyCount "86"]
[EventDate "2024.06.23"]
[EventType "swiss"]
[EventCountry "TUR"]
[SourceTitle "playchess.com"]
[Source "ChessBase"]
[SourceQuality "1"]
[TimeControl "5400+30"]

1. e4 c5 2. Nf3 d6 3. d4 cxd4 4. Nxd4 Nf6 5. Nc3 a6 6. a4 e5 7. Nb3 Be6 8. Bg5 Be7 9. Bxf6 Bxf6 10. Nd5 Nd7 11. Bc4 O-O 12. O-O Bg5 13. Qd3 Rc8 14. a5 Rc6 15. Ra4 Qc8 16. g3 Bd8 17. Ne3 Nf6 18. Bxe6 fxe6 19. c4 Qc7 20. Rd1 Qf7 21. Rb4 b6 22. Ra4 Nd7 23. Qe2 bxa5 24. Nxa5 Bxa5 25. Rxa5 Nc5 26. Nc2 Qc7 27. Ra3 a5 28. Rda1 a4 29. Rc3 Qb6 30. Na3 Nb3 31. Rb1 Nd4 32. Qg4 Rc7 33. Nc2 Rcf7 34. Nxd4 Qxd4 35. Qxe6 Qxf2+ 36. Kh1 Qe2 37. Kg1 Kh8 38. Qh3 Qxe4 39. Rd1 Rf2 40. c5 dxc5 41. Rxc5 Qe3 42. Qc8 Rxc8 43. Rxc8+ Rf8+ 0-1

[Event "10th Cesme Open-B 2024"]
[Site "Cesme"]
[Date "2024.06.24"]
[Round "2"]
[White "Kolat, Ata"]
[Black "Yigit, Ahmet Yasir"]
[Result "0-1"]
[ECO "A45"]
[WhiteElo "1858"]
[BlackElo "1964"]
[Annotator "RC"]
[PlyCount "116"]
[EventDate "2024.06.23"]
[EventType "swiss"]
[EventCountry "TUR"]
[SourceTitle "playchess.com"]
[Source "ChessBase"]
[SourceQuality "1"]
[TimeControl "5400+30"]

1. d4 Nf6 2. Bf4 g6 3. Nc3 d5 4. e3 Bg7 5. h4 c6 6. Nf3 Bg4 7. Qd2 Bxf3 8. gxf3 Nbd7 9. O-O-O Nh5 10. Bh2 e5 11. dxe5 Nxe5 12. Be2 Qe7 13. f4 Nd7 14. e4 d4 15. Nb1 O-O-O 16. e5 Nc5 17. Bxh5 gxh5 18. f5 Qxh4 19. Bf4 Qg4 20. Rhg1 Qxf5 21. Rg5 Qe6 22. Rxg7 Qxa2 23. Qb4 b6 24. Qa3 Qxa3 25. Nxa3 Rd7 26. Bh2 b5 27. f4 Ne6 28. Rg2 h6 29. f5 Ng5 30. Bf4 Nh3 31. Bd2 Rd5 32. Rh1 Ng5 33. Rxh5 Nf3 34. Rxh6 Rxh6 35. Bxh6 Rxe5 36. b3 Rxf5 37. Nb1 Ne5 38. Nd2 Ng6 39. Ne4 Kc7 40. Bd2 c5 41. c4 Kc6 42. Ng3 Rf3 43. Ne4 Ne5 44. Rg5 f5 45. Ng3 Nxc4 46. Nxf5 Rf1+ 47. Kc2 Rf2 48. Rg6+ Kd7 49. Rg7+ Ke6 50. Nxd4+ cxd4 51. Kd3 Nxd2 52. Kxd4 a5 53. Ra7 Rf5 54. Ra6+ Kd7 55. Kc3 Rd5 56. Rh6 Kc7 57. Re6 Kb7 58. Re2 Nf3 0-1

[Event "10th Cesme Open-B 2024"]
[Site "Cesme"]
[Date "2024.06.24"]
[Round "2"]
[White "Mutlu, Burak Alp"]
[Black "Kocakaplan, Emre"]
[Result "1/2-1/2"]
[ECO "C76"]
[WhiteElo "1840"]
[BlackElo "1944"]
[Annotator "NA RC"]
[PlyCount "114"]
[EventDate "2024.06.23"]
[EventType "swiss"]
[EventCountry "TUR"]
[SourceTitle "playchess.com"]
[Source "ChessBase"]
[SourceQuality "1"]
[TimeControl "5400+30"]

1. e4 e5 2. Nf3 Nc6 3. Bb5 a6 4. Ba4 d6 5. O-O Bd7 6. c3 g6 7. d4 Bg7 8. Re1 Nge7 9. Be3 O-O 10. Nbd2 exd4 11. Nxd4 Ne5 12. Bc2 N7c6 13. h3 Nxd4 14. Bxd4 c5 15. Be3 b5 16. f4 Nc6 17. Nf3 Qe7 18. Qd5 Rfc8 19. Rad1 Be6 20. Qxd6 Qxd6 21. Rxd6 Bxa2 22. Ra1 Bc4 23. Nd2 Bf8 24. Nxc4 bxc4 25. Rd5 Rab8 26. Ra2 Nd8 27. f5 Rb6 28. Bd1 Nb7 29. fxg6 hxg6 30. Be2 Re6 31. Bg4 f5 32. Bf3 Rd8 33. Bg5 Rxd5 34. exd5 Rb6 35. Be2 Nd6 36. Bf4 Kg7 37. Bxd6 Bxd6 38. Bxc4 a5 39. Kf1 Rb8 40. b3 Ra8 41. Ke2 Re8+ 42. Kd1 Re3 43. Rxa5 Rxc3 44. Ra6 Bf4 45. Re6 Rc1+ 46. Ke2 Rc2+ 47. Kf3 g5 48. g4 Rc3+ 49. Kf2 Rc2+ 50. Re2 Rxe2+ 51. Bxe2 fxg4 52. Bxg4 Kf6 53. Kf3 Ke5 54. Be6 Bc1 55. Kg4 Kd6 56. Kf5 Bd2 57. Ke4 Bc1 1/2-1/2